 Dungeon Crawl Stone Soup version 0.29.0-4-gdea44cf6ec (webtiles) character file.

Game seed: 5371019294786325590

4 qw the Chopper (level 1, 0/12 HPs)
             Began as a Tengu Warper on Aug 28, 2022.
             Slain by a jackal (1 damage)
             ... on level 1 of the Dungeon.
             The game lasted 00:00:01 (54 turns).

qw the Chopper (Tengu Warper)                         Turns: 54, Time: 00:00:01

Health: 0/12       AC:  3    Str: 11    XL:     1   Next: 70%
Magic:  4/4        EV: 11    Int: 13    God:
Gold:   0          SH:  0    Dex: 13    Spells: 4/4 levels left

rFire   . . .      SeeInvis .   a - +0 hand axe
rCold   . . .      Faith    .   (no shield)
rNeg    . . .      Spirit   .   b - +0 leather armour
rPois   .          Reflect  .   (helmet restricted)
rElec   .          Harm     .   (no cloak)
rCorr   .          Rampage  .   (no gloves)
Will    .....                   (boots unavailable)
Stlth   +.........              (no amulet)
HPRegen 0.04/turn               (no ring)
MPRegen 0.09/turn               (no ring)

@: no status effects
A: beak, talons 3
a: no special abilities


You were on level 1 of the Dungeon.
You visited 1 branch of the dungeon, and saw 1 of its levels.


Innate Abilities, Weirdness & Mutations

You have a beak for a mouth.
You have claws for feet.


   Skills:
 - Level 2.0 Fighting
 + Level 2.7 Axes
 - Level 1.0 Throwing
 - Level 1.1 Armour
 - Level 2.1 Dodging
 - Level 2.0 Spellcasting
 - Level 2.4 Translocations


You had 4 spell levels left.
You didn't know any spells.
Your spell library contained the following spells:

 Spells                   Type           Power      Damage    Failure   Level
 Blink                    Tloc           14%        N/A       19%         2
 Gell's Gravitas          Tloc           7%         N/A       36%         3
 Lesser Beckoning         Tloc           7%         N/A       36%         3
 Teleport Other           Tloc           7%         N/A       36%         3
 Manifold Assault         Tloc           7%         N/A       98%         5

Inventory:

Hand Weapons
 a - a +0 hand axe (weapon)
Armour
 b - a +0 leather armour (worn)
Scrolls
 c - a scroll of blinking
 e - 2 scrolls of identify {unknown}

Dungeon Overview and Level Annotations

Branches:
Dungeon (1/15)

Altars:


Message History

You closely miss the hobgoblin. Your kick misses the hobgoblin.
You peck the hobgoblin, but do no damage.
The hobgoblin is severely wounded.
You closely miss the jackal.
A jackal comes into view.
The jackal closely misses you. The hobgoblin closely misses you.
The jackal barks!
You hit the hobgoblin but do no damage. Your peck misses the hobgoblin.
The hobgoblin is severely wounded.
You closely miss the jackal. The jackal completely misses you.
The hobgoblin closely misses you. The jackal closely misses you.
You hit the hobgoblin.
You kill the hobgoblin!
You hit the jackal but do no damage. The jackal bites you. x2
You closely miss the frilled lizard. Your kick misses the frilled lizard.
Your peck misses the frilled lizard. You barely miss the jackal.
The frilled lizard closely misses you.
A hobgoblin comes into view.
The jackal closely misses you.
The frilled lizard bites you but does no damage.
You closely miss the frilled lizard.
The hobgoblin shouts!
Your kick misses the frilled lizard. You hit the jackal.
The jackal barely misses you. The frilled lizard barely misses you.
You miss the frilled lizard. You miss the jackal.
The frilled lizard closely misses you. The jackal barely misses you.
You miss the frilled lizard. Your peck misses the frilled lizard.
You miss the jackal. The jackal bites you.
The frilled lizard closely misses you. The jackal bites you.
You closely miss the frilled lizard. Your kick misses the frilled lizard.
You closely miss the jackal. The frilled lizard closely misses you.
The jackal closely misses you.
You barely miss the frilled lizard. You claw the frilled lizard.
You kill the frilled lizard!
You hit the jackal but do no damage. The jackal bites you.
You die...

.. .# .. ... . .# . ....
. #.## .# .##..#
.#.[.#..#
..#...##..#...#
?...#......#..#.#
.....##....[.##.
.....h%@.#...#.##
...##gh#..#...#.######
#...#...#..#...#.##
#...#.#....##.###.#.##
#...###....#...#.#.##..
...#....#....##.##.##..#
....#.....##...##.#..#.<
########################


You could see 2 jackals and a hobgoblin.

Vanquished Creatures
  A bat (D:1)
  2 hobgoblins (D:1)
  A frilled lizard (D:1)
  A rat (D:1)
5 creatures vanquished.

Notes
Turn   | Place    | Note
-------+----------+-------------------------------------------
     0 | D:1      | qw the Tengu Warper began the quest for the Orb.
     0 | D:1      | Reached XP level 1. HP: 12/12 MP: 4/4
     0 | D:1      | 0 ||| qw: Version: 0.1-a-89-g26bdef1
     0 | D:1      | 0 ||| qw: Game counter: 3035
     0 | D:1      | 0 ||| qw: Always use a shield: true
     0 | D:1      | 0 ||| qw: God list: Okawaru
     0 | D:1      | 0 ||| qw: Allow faded altars: false
     0 | D:1      | 0 ||| qw: Do Orc after D:15 true
     0 | D:1      | 0 ||| qw: Do second Lair branch before Depths: true
     0 | D:1      | 0 ||| qw: Lair rune preference: random
     0 | D:1      | 0 ||| qw: Plans: Normal
     0 | D:1      | 0 ||| PLANNING D:1-11
    52 | D:1      | HP: 2/12 [jackal (2)]
    54 | D:1      | Slain by a jackal

Levels and vault maps discovered:
D:1:      erik_arrival_cave_to_civilisation [erik_arrival_cave_to_temple],
          layout_basic, ebering_ecumenical_altar_webs, dreamdust_wishing_well

Action                   || total
-------------------------++-------
Melee: Hand axe          ||    13
       Peck              ||     2
       Kick              ||     1
Throw: Boomerang         ||     7
Armor: Leather armour    ||     1
Dodge: Dodged            ||    16

Table legend:
 A = Non-vault XP
 B = Vault XP
 C = Vault XP percentage of total XP
 D = Non-vault monster count
 E = Vault monster count
 F = Vault count percentage of total count
                 A         B        C        D         E       F
            +---------+---------+-------+---------+---------+-------
      Total |       7 |       1 |  12.5 |       4 |       1 |  20.0
            +---------+---------+-------+---------+---------+-------
        D:1 |       7 |       1 |  12.5 |       4 |       1 |  20.0
            +---------+---------+-------+---------+---------+-------
